 Dungeon Crawl Stone Soup version 0.28-a0-265-g048bc9fd10 (webtiles) character file.

Game seed: 11801567327949171950

77054 Ogogo the Thrower (level 15, -14/108 HPs)
             Began as a Vine Stalker Brigand on Aug 26, 2021.
             Was the Champion of Okawaru.
             Demolished by a spark wasp (16 damage)
             ... on level 2 of the Spider Nest on Aug 27, 2021.
             The game lasted 01:11:48 (19250 turns).

Ogogo the Thrower (Vine Stalker Brigand)           Turns: 19250, Time: 01:11:48

Health: -14/108    AC: 20    Str: 14    XL:     15   Next: 55%
Magic:  0/23       EV: 16    Int: 17    God:    Okawaru [******]
Gold:   1146       SH:  5    Dex: 22    Spells: 14/14 levels left

rFire   + + +      SeeInvis +   m - +6 quick blade (chaos)
rCold   . . .      Faith    .   (no shield)
rNeg    . . .      Spirit   +   r - +3 chain mail {Will+}
rPois   +          Reflect  +   J - +0 hat of Feral the Leaf {rF++}
rElec   .          Harm     .   A - +2 cloak
rCorr   .          Rampage  .   n - +0 pair of gloves
Will    ++...                   g - +1 pair of boots {Stlth+}
Stlth   ..........              s - amulet of reflection
HPRegen 1.28/turn               P - +4 ring of evasion
MPRegen 0.18/turn               F - ring of Darkness {rPois rF+ Int+6 Stlth-}

@: berserking, lethally poisoned (-14 -> -23), heroic, very quick
A: fangs 3, regeneration 1, magic shield, antimagic bite, no potion heal 2, see
invisible, deformed body, frail 1
a: Renounce Religion, Heroism, Finesse, Duel


You were on level 2 of the Spider Nest.
You worshipped Okawaru.
Okawaru was exalted by your worship.
You visited 4 branches of the dungeon, and saw 20 of its levels.
You also visited: Gauntlet.

You collected 1146 gold pieces.

Inventory:

Hand Weapons
 m - a +6 quick blade of chaos (weapon)
 I - a +2 dagger of draining
 L - the +6 dagger of Conscience {flame, +Blink rPois rC+ Dex+4}
   (You found it on level 9 of the Dungeon)

   It burns those it strikes, dealing additional fire damage.
   Dex:       It affects your dexterity (+4).
   rC:        It protects you from cold.
   rPois:     It protects you from poison.
   +Blink:    It lets you blink.
Missiles
 d - 59 poisoned darts
 e - 5 curare-tipped darts
 q - 10 atropa-tipped darts
 D - a throwing net
 M - 7 boomerangs
 U - 7 javelins (quivered)
Armour
 g - a +1 pair of boots of stealth (worn)
 n - a +0 pair of gloves (worn)
 r - a +3 chain mail of willpower (worn)
 A - a +2 cloak (worn)
 J - the +0 hat of Feral the Leaf (worn) {rF++}
   (You found it in a Gauntlet)

   rF:        It greatly protects you from fire.
 W - a +4 plate armour of cold resistance
Jewellery
 s - an amulet of reflection (around neck)
 u - a +4 ring of evasion
 F - the ring of Darkness (right hand) {rPois rF+ Int+6 Stlth-}
   (You found it in a Gauntlet)

   [ring of intelligence]

   Int:       It affects your intelligence (+6).
   rF:        It protects you from fire.
   rPois:     It protects you from poison.
   Stlth:     It makes you less stealthy.
 N - a ring of resist corrosion
 P - a +4 ring of evasion (left hand)
Wands
 w - a wand of digging (11)
 V - a wand of polymorph (11)
 X - a wand of acid (3)
 Y - a wand of flame (19)
 Z - a wand of paralysis (8)
Scrolls
 b - 4 scrolls of magic mapping
 c - 8 scrolls of teleportation
 h - 7 scrolls of blinking
 i - a scroll of holy word {unknown}
 k - 3 scrolls of fog
 p - 2 scrolls of silence
 x - 2 scrolls of summoning {unknown}
 y - 2 scrolls of fear
 z - 2 scrolls of amnesia {unknown}
 B - 5 scrolls of enchant armour
 C - 2 scrolls of enchant weapon {unknown}
 O - a scroll of immolation {unknown}
Potions
 j - 2 potions of berserk rage
 l - 4 potions of resistance
 o - 2 potions of cancellation {unknown}
 t - 5 potions of curing
 v - 4 potions of lignification {unknown}
 E - 2 potions of magic
 G - 4 potions of haste {unknown}
 H - 3 potions of flight {unknown}
 K - 3 potions of brilliance {unknown}
 Q - a potion of invisibility {unknown}
 S - 2 potions of might {unknown}
 T - a potion of attraction {unknown}
Miscellaneous
 a - a lightning rod (4/4)
 R - a phial of floods


   Skills:
 + Level 9.8(14.8) Fighting
 - Level 10.0(15.0) Short Blades
 + Level 11.5(16.5) Throwing
 + Level 10.2(15.2) Armour
 + Level 4.9(9.9) Dodging
 + Level 9.1(14.1) Stealth
 + Level 7.7(12.7) Shields
 * Level 10.0 Invocations
 + Level 1.9 Evocations


You had 14 spell levels left.
You didn't know any spells.
Your spell library contained the following spells:

 Spells                   Type           Power      Damage    Failure   Level
 Freeze                   Ice            0%         1d3       92%         1
 Magic Dart               Conj           0%         1d3       92%         1
 Sandblast                Erth           0%         2d4       92%         1
 Sting                    Tmut/Pois      0%         1d3       92%         1
 Passwall                 Tmut/Erth      0%         N/A       98%         2
 Searing Ray              Conj           0%         3d3       98%         2
 Sublimation of Blood     Necr           0%         N/A       98%         2
 Wereblood                Tmut           0%         N/A       98%         2
 Dazzling Flash           Conj/Hex       0%         N/A       100%        3
 Frozen Ramparts          Ice            0%         1d2       100%        3
 Mephitic Cloud           Conj/Pois/Air  0%         N/A       100%        3
 Fulminant Prism          Conj/Hex       0%         3d6       100%        4
 Hailstorm                Conj/Ice       0%         3d3       100%        4
 Ice Form                 Ice/Tmut       0%         N/A       100%        4
 Petrify                  Tmut/Erth      0%         N/A       100%        4
 Agony                    Necr           0%         N/A       100%        5
 Alistair's Intoxication  Tmut/Pois      0%         N/A       100%        5
 Borgnjor's Vile Clutch   Necr/Erth      0%         N/A       100%        5
 Irradiate                Conj/Tmut      0%         3d13      100%        5
 Lee's Rapid Deconstruct  Erth           0%         3d5*      100%        5
 Silence                  Hex/Air        0%         N/A       100%        5
 Summon Guardian Golem    Hex/Summ       Unusable   N/A       N/A         3
 Simulacrum               Ice/Necr       Unusable   N/A       N/A         6
 Malign Gateway           Summ/Tloc      Unusable   N/A       N/A         7
 Summon Hydra             Summ           Unusable   N/A       N/A         7

Dungeon Overview and Level Annotations

Branches:
Dungeon (10/15)            Temple (1/1) D:6            Lair (6/6) D:9
 Shoals (0/4) Lair:2       Spider (3/4) Lair:2        Slime (0/5) Lair:5
    Orc (0/2) D:9         Gauntlet (visited)

Altars:
Ashenzari
Cheibriados
Dithmenos
Elyvilon
Fedhas
Hepliaklqana
Kikubaaqudgha
Makhleb
Nemelex Xobeh
Okawaru
Ru
Sif Muna
Trog
Uskayaw
Vehumet
Wu Jian
Yredelemnul
The Shining One
Beogh

Shops:
D:7 :

Annotations:
Lair:1 exclusion: oklob plant
Lair:5 exclusion: 5 oklob plants
Spider:2 Roxanne


Innate Abilities, Weirdness & Mutations

You have razor-sharp teeth.
Your natural rate of healing is unusually fast.
When hurt, damage is shared between your health and your magic reserves.
Your bite disrupts and absorbs the magic of your enemies.
Potions cannot restore your health.
You have supernaturally acute eyesight. (SInv)
Armour fits poorly on your strangely shaped body.
You are frail. (-10% HP)


Message History

Unknown command.
You puncture the spark wasp! You drain the spark wasp.
Your bite misses the spark wasp.
The spark wasp is moderately wounded.
You feel very sick.
The spark wasp stings you but does no damage.
The redback bites you but does no damage.
You hit the spark wasp.
The spark wasp is poisoned.
You bite the spark wasp!
The spark wasp's magic leaks into the air.
You drain its magic.
You feel invigorated.
The spark wasp is moderately wounded.
You feel sick.
Unknown command.
You hit the spark wasp. You burn the spark wasp.
You bite the spark wasp, but do no damage.
The spark wasp is heavily wounded.
You feel very sick. The spark wasp stings you. The spark wasp shocks you!
Unknown command.
You closely miss the spark wasp. Your bite misses the spark wasp.
The spark wasp is heavily wounded.
You feel sick. The redback bites you!
Unknown command.
You puncture the spark wasp! You freeze the spark wasp.
You bite the spark wasp, but do no damage.
The spark wasp is severely wounded.
You feel sick. The spark wasp stings you!
* * * LOW HITPOINT WARNING * * *
The spark wasp shocks you!
* * * LOW HITPOINT WARNING * * *
A red film seems to cover your vision as you go berserk!
You feel yourself moving faster!
You feel mighty!
* * * LOW HITPOINT WARNING * * *
You feel very sick. The redback misses you. The spark wasp misses you.
The redback misses you.
You puncture the spark wasp!
You feel better.
Your bite misses the spark wasp.
The spark wasp is almost dead.
* * * LOW HITPOINT WARNING * * *
You feel sick. The spark wasp stings you!!
You die...

### ##.## #.#.### ##.##.##
#......# ###..### ##### ### ###
###.########.^.####.### #
#^#####...##.#@s.....##....#
####.#.#....#^.y...#.#.#....##
.#....#.###.##.##.#..#...#.###
...##......#.#....#.......##.###
......#..#^.......#......##....#
...#.....#..#..#..#..#.#...#..##
...........#.....#.#........#.#
.#....#...#....#......#..##..##
....#.......#...#...#.##....##


You could see a spark wasp (poisoned, drained) and a redback.

Vanquished Creatures
  A ghost moth (Spider:1)
  A minotaur (Gauntlet)
  A spark wasp (Spider:2)
  A fire dragon (Lair:6)
  2 boulder beetles (Lair:6)
  12 hydras
  12 death yaks
  A fire crab (Lair:6)
  5 wolf spiders
  5 orb spiders
  A shining eye (Gauntlet)
  3 molten gargoyles (Lair:6)
  6 elephants (Lair:4)
  A black mamba (shapeshifter) (Gauntlet)
  2 torpor snails
  11 black mambas
  11 cane toads
  5 demonic crawlers
  6 rime drakes
  A rime drake (shapeshifter) (Gauntlet)
  14 komodo dragons
  Grinder (D:6)
  12 jumping spiders
  A hornet (Spider:2)
  2 polar bears
  A wind drake (shapeshifter) (Spider:1)
  13 blink frogs
  2 large abominations (Gauntlet)
  56 redbacks
  17 tarantellas
  7 wyverns
  37 yaks
  2 golden eyes (Gauntlet)
  6 basilisks
  2 steam dragons
  A swamp worm (shapeshifter) (Gauntlet)
  21 water moccasins
  An acid dragon (D:9)
  Duvessa (D:5)
  4 hell hounds (Lair:6)
  A water moccasin (shapeshifter) (Gauntlet)
  4 orc warriors (D:9)
  A necrophage (D:5)
  2 ice beasts
  4 black bears
  6 small abominations (Gauntlet)
  13 wolves
  2 ogres
  2 centaurs (D:9)
  4 kobold brigands
  13 bullfrogs
  A wyvern zombie (D:8)
  A gnoll sergeant (D:9)
  Dowan (D:5)
  7 scorpions
  A water moccasin skeleton (D:4)
  5 killer bees (D:9)
  2 electric eels (Spider:1)
  5 lava snakes (Lair:6)
  3 howler monkeys (D:7)
  A bullfrog zombie (D:5)
  5 hounds
  A centaur zombie (D:9)
  3 gnoll shamans
  5 orc priests
  A bullfrog skeleton (D:5)
  A centaur skeleton (D:5)
  An iguana (D:6)
  Terence (D:3)
  A scorpion zombie (D:5)
  5 orc wizards
  3 killer bee zombies
  A howler monkey zombie (D:5)
  9 adders
  19 gnolls
  A shadow imp (D:6)
  2 white imps
  An adder skeleton (D:4)
  An adder zombie (D:5)
  2 worms (D:3)
  3 dart slugs
  26 orcs
  2 bat zombies (D:6)
  3 endoplasms
  5 giant cockroaches
  6 hobgoblins
  4 quokkas
  6 ball pythons
  2 bats (D:1)
  5 frilled lizards
  3 goblins
  29 kobolds
  5 rats
  A rat zombie (D:6)
531 creatures vanquished.

Vanquished Creatures (others)
  A wyvern (Lair:6)
  A centaur (D:8)
  32 fungi
  40 plants
74 creatures vanquished.

Grand Total: 605 creatures vanquished

Notes
Turn   | Place    | Note
-------+----------+-------------------------------------------
     0 | D:1      | Ogogo the Vine Stalker Brigand began the quest for the Orb.
     0 | D:1      | Reached XP level 1. HP: 11/11 MP: 2/2
    48 | D:1      | Reached skill level 5 in Stealth
   357 | D:1      | Reached XP level 2. HP: 15/15 MP: 3/3
  1123 | D:1      | Reached skill level 2 in Throwing
  1260 | D:2      | Reached XP level 3. HP: 18/18 MP: 4/4
  1473 | D:2      | Found a basalt altar of Yredelemnul.
  2106 | D:3      | Noticed Terence
  2145 | D:3      | Killed Terence
  2146 | D:3      | Reached skill level 1 in Dodging
  2146 | D:3      | Gained mutation: Your natural rate of healing is unusually
                  | fast. [Vine Stalker growth]
  2146 | D:3      | Reached XP level 4. HP: 7/23 MP: 2/5
  2264 | D:3      | Reached XP level 5. HP: 26/26 MP: 6/6
  2317 | D:3      | Reached skill level 3 in Throwing
  2516 | D:3      | Reached skill level 1 in Armour
  3117 | D:4      | Reached XP level 6. HP: 30/30 MP: 7/7
  3224 | D:4      | Reached skill level 4 in Throwing
  3671 | D:5      | Entered Level 5 of the Dungeon
  3724 | D:5      | Reached XP level 7. HP: 34/35 MP: 6/8
  4245 | D:5      | Found a basalt altar of Yredelemnul.
  4259 | D:5      | Reached skill level 1 in Shields
  4259 | D:5      | Gained mutation: You have razor-sharp teeth. [Vine Stalker
                  | growth]
  4259 | D:5      | Reached XP level 8. HP: 39/39 MP: 9/9
  4418 | D:5      | Noticed Dowan
  4419 | D:5      | Noticed Duvessa
  4435 | D:5      | Killed Duvessa
  4445 | D:5      | Killed Dowan
  4551 | D:6      | Found a staircase to the Ecumenical Temple.
  4587 | D:6      | Reached skill level 5 in Throwing
  4710 | Temple   | Entered the Ecumenical Temple
  4835 | Temple   | Became a worshipper of Warmaster Okawaru
  5049 | D:6      | Noticed Grinder
  5125 | D:6      | Killed Grinder
  5126 | D:6      | Reached skill level 5 in Short Blades
  5265 | D:6      | Reached * piety under Okawaru
  5266 | D:6      | Reached skill level 6 in Throwing
  5286 | D:6      | Reached XP level 9. HP: 41/44 MP: 10/10
  5438 | D:6      | Found an ancient bone altar of Kikubaaqudgha.
  5778 | D:7      | Found Udak's Self-Improvement Boutique.
  6470 | D:8      | Reached ** piety under Okawaru
  6954 | D:9      | Found a broken altar of Ashenzari.
  6954 | D:9      | Found a hide-covered altar of Uskayaw.
  7005 | D:9      | Reached XP level 10. HP: 16/51 MP: 3/11
  7010 | D:9      | Reached skill level 7 in Throwing
  7309 | D:9      | Identified the +6 dagger of Conscience {flame, +Blink rPois
                  | rC+ Dex+4}
  7444 | D:9      | Reached *** piety under Okawaru
  7679 | D:9      | Reached skill level 8 in Throwing
  7768 | D:8      | Reached skill level 5 in Armour
  7840 | D:9      | Reached skill level 5 in Fighting
  7907 | D:9      | Reached **** piety under Okawaru
  7916 | D:9      | Found a staircase to the Lair.
  7928 | D:9      | Found a staircase to the Orcish Mines.
  8380 | Lair:1   | Entered Level 1 of the Lair of Beasts
  8411 | D:10     | Entered Level 10 of the Dungeon
  8464 | D:9      | Reached XP level 11. HP: 44/56 MP: 9/12
  8651 | Lair:1   | Noticed an oklob plant
  9043 | Lair:1   | Reached ***** piety under Okawaru
  9111 | Lair:1   | Received a gift from Okawaru
  9447 | Lair:2   | Found a gate leading to a gauntlet.
  9479 | Gauntlet | Entered a Gauntlet
  9479 | Gauntlet | Found a transporter.
  9479 | Gauntlet | Found a transporter.
  9480 | Gauntlet | Noticed a shining eye
  9485 | Gauntlet | Found a transporter.
  9488 | Gauntlet | Noticed an oklob plant
  9498 | Gauntlet | Found a transporter.
  9516 | Gauntlet | Found a transporter.
  9516 | Gauntlet | Found a transporter.
  9516 | Gauntlet | Found a transporter.
  9518 | Gauntlet | Found a transporter.
  9518 | Gauntlet | Found a transporter.
  9521 | Gauntlet | Noticed a salamander
  9523 | Gauntlet | Noticed a cyclops
  9531 | Gauntlet | Found a transporter.
  9540 | Gauntlet | Noticed an orange crystal statue
  9545 | Gauntlet | Noticed a salamander
  9546 | Gauntlet | Found a runed translucent gate.
  9547 | Gauntlet | Found a transporter.
  9547 | Gauntlet | Found a runed translucent gate.
  9548 | Gauntlet | Found a runed translucent gate.
  9549 | Gauntlet | Noticed an orb spider
  9549 | Gauntlet | a salamander changed into an orb spider
  9550 | Gauntlet | a salamander changed into a yak
  9554 | Gauntlet | Noticed a death scarab
  9555 | Gauntlet | Noticed a death scarab
  9555 | Gauntlet | Noticed an orb spider
  9555 | Gauntlet | a yak changed into an orb spider
  9557 | Gauntlet | Found a transporter.
  9571 | Gauntlet | Found a transporter.
  9591 | Gauntlet | Found a transporter.
  9684 | Gauntlet | Gained mutation: Your magical capacity is low. (-10% MP) [a
                  | shining eye]
  9687 | Gauntlet | Gained mutation: You sometimes lose the ability to read
                  | scrolls when taking damage. [a shining eye]
  9693 | Gauntlet | Killed a shining eye
  9698 | Gauntlet | Lost mutation: You sometimes lose the ability to read
                  | scrolls when taking damage. [potion of mutation]
  9698 | Gauntlet | Lost mutation: Your magical capacity is low. (-10% MP)
                  | [potion of mutation]
  9698 | Gauntlet | Gained mutation: You are partially covered in iridescent
                  | scales. (AC +2) [potion of mutation]
  9698 | Gauntlet | Gained mutation: You are agile. (Dex +2) [potion of
                  | mutation]
  9720 | Gauntlet | Noticed a harpy
  9720 | Gauntlet | Noticed a salamander
  9752 | Gauntlet | Upgraded the game from 0.28-a0-258-g8de209e91f to
                  | 0.28-a0-265-g048bc9fd10
  9780 | Gauntlet | Noticed an ice dragon
  9781 | Gauntlet | a harpy changed into a meliai
  9787 | Gauntlet | Noticed a fire dragon
  9787 | Gauntlet | an ice dragon changed into a fire dragon
  9875 | Gauntlet | Identified the ring of Darkness {rPois rF+ Int+6 Stlth-}
  9876 | Gauntlet | Noticed a death yak
  9880 | Gauntlet | Noticed an emperor scorpion
  9880 | Gauntlet | a death yak changed into an emperor scorpion
  9885 | Gauntlet | Noticed a catoblepas
  9894 | Gauntlet | a catoblepas changed into something unseen
  9911 | Gauntlet | Noticed a minotaur
  9913 | Gauntlet | Noticed a six-headed hydra
  9913 | Gauntlet | a minotaur changed into a six-headed hydra
  9919 | Gauntlet | Noticed an emperor scorpion
  9925 | Gauntlet | Noticed a dire elephant
  9925 | Gauntlet | an emperor scorpion changed into a dire elephant
  9926 | Gauntlet | Noticed an eleionoma
  9926 | Gauntlet | a dire elephant changed into an eleionoma
  9928 | Gauntlet | Noticed a fenstrider witch
  9928 | Gauntlet | an eleionoma changed into a fenstrider witch
  9929 | Gauntlet | Noticed an eleionoma
  9929 | Gauntlet | a fenstrider witch changed into an eleionoma
  9934 | Gauntlet | Noticed a frost giant
  9934 | Gauntlet | an eleionoma changed into a frost giant
  9936 | Gauntlet | Noticed an iron troll
  9936 | Gauntlet | a frost giant changed into an iron troll
  9941 | Gauntlet | Noticed a stone giant
  9941 | Gauntlet | an iron troll changed into a stone giant
  9948 | Gauntlet | Noticed a quicksilver dragon
  9948 | Gauntlet | a stone giant changed into a quicksilver dragon
  9953 | Gauntlet | Noticed an iron troll
  9953 | Gauntlet | a quicksilver dragon changed into an iron troll
  9956 | Gauntlet | Noticed a dire elephant
  9956 | Gauntlet | an iron troll changed into a dire elephant
  9957 | Gauntlet | Noticed a minotaur
  9957 | Gauntlet | a dire elephant changed into a minotaur
  9971 | Gauntlet | Noticed a storm dragon
  9971 | Gauntlet | a minotaur changed into a storm dragon
  9974 | Gauntlet | Noticed a minotaur
  9974 | Gauntlet | a storm dragon changed into a minotaur
  9975 | Gauntlet | Noticed a catoblepas
  9975 | Gauntlet | a minotaur changed into a catoblepas
  9977 | Gauntlet | Noticed a death yak
  9977 | Gauntlet | a catoblepas changed into a death yak
  9979 | Gauntlet | a death yak changed into something unseen
  9982 | Gauntlet | Noticed an alligator snapping turtle
  9983 | Gauntlet | Noticed a dire elephant
  9983 | Gauntlet | an alligator snapping turtle changed into a dire elephant
  9993 | Gauntlet | Noticed a storm dragon
  9993 | Gauntlet | a dire elephant changed into a storm dragon
  9994 | Gauntlet | Noticed a dire elephant
  9994 | Gauntlet | a storm dragon changed into a dire elephant
  9995 | Gauntlet | Noticed a catoblepas
  9995 | Gauntlet | a dire elephant changed into a catoblepas
 10000 | Gauntlet | Noticed an entropy weaver
 10000 | Gauntlet | a catoblepas changed into an entropy weaver
 10006 | Gauntlet | an entropy weaver changed into a tyrant leech
 10007 | Gauntlet | Noticed a fire dragon
 10007 | Gauntlet | a tyrant leech changed into a fire dragon
 10009 | Gauntlet | Noticed a great orb of eyes
 10009 | Gauntlet | a fire dragon changed into a great orb of eyes
 10011 | Gauntlet | Noticed a spark wasp
 10011 | Gauntlet | a great orb of eyes changed into a spark wasp
 10035 | Gauntlet | Noticed an ettin
 10047 | Gauntlet | Noticed a boulder beetle
 10047 | Gauntlet | a tyrant leech changed into a boulder beetle
 10053 | Gauntlet | Noticed a shock serpent
 10053 | Gauntlet | a boulder beetle changed into a shock serpent
 10056 | Gauntlet | a shock serpent changed into a swamp worm
 10062 | Gauntlet | Reached skill level 1 in Invocations
 10062 | Gauntlet | Reached skill level 1 in Evocations
 10069 | Gauntlet | Identified the +0 hat of Feral the Leaf {rF++}
 10111 | Gauntlet | Noticed a minotaur
 10124 | Gauntlet | Killed a minotaur
 10124 | Gauntlet | Received a gift from Okawaru
 10146 | Gauntlet | Got Namuxapt's Reference Book on Dusty Toxins
 10146 | Gauntlet | Got the Handbook of Cankerous Calling
 10188 | Lair:2   | Reached skill level 9 in Throwing
 10206 | Lair:2   | Noticed a death yak
 10234 | Lair:1   | Killed a death yak
 10235 | Lair:1   | Reached XP level 12. HP: 23/61 MP: 6/15
 10262 | Lair:2   | Received a gift from Okawaru
 10280 | Lair:2   | Found a staircase to the Shoals.
 10283 | Lair:2   | Noticed a death yak
 10302 | Lair:2   | Killed a death yak
 10553 | Lair:2   | Noticed an eight-headed hydra
 10562 | Lair:2   | Killed an eight-headed hydra
 10563 | Lair:2   | Reached skill level 5 in Shields
 10714 | Lair:2   | Found a hole to the Spider Nest.
 11221 | Lair:3   | Noticed a seven-headed hydra
 11237 | Lair:3   | Killed a seven-headed hydra
 11449 | Lair:3   | Noticed a four-headed hydra
 11468 | Lair:3   | Killed a four-headed hydra
 11468 | Lair:3   | Received a gift from Okawaru
 11481 | Lair:3   | Reached skill level 5 in Invocations
 11624 | Lair:3   | Received a gift from Okawaru
 12305 | Lair:4   | Reached skill level 10 in Throwing
 12327 | Lair:4   | Reached ****** piety under Okawaru
 12336 | Lair:4   | Reached XP level 13. HP: 55/66 MP: 18/18
 12613 | Lair:4   | Received a gift from Okawaru
 12713 | Lair:4   | Identified the +5 hand crossbow of Undoing {flame, rPois}
                  | (Okawaru gifted it to you on level 4 of the Lair of Beasts)
 12713 | Lair:4   | Received a gift from Okawaru
 13481 | Lair:5   | Found a staircase to the Slime Pits.
 14240 | Lair:5   | Received a gift from Okawaru
 14402 | Lair:5   | Received a gift from Okawaru
 14836 | Lair:6   | Entered Level 6 of the Lair of Beasts
 14926 | Lair:6   | Reached skill level 11 in Throwing
 15035 | Lair:6   | Reached XP level 14. HP: 58/72 MP: 20/20
 15329 | Lair:6   | Received a gift from Okawaru
 15775 | Lair:6   | Received a gift from Okawaru
 16135 | Lair:6   | Reached skill level 10 in Short Blades
 16313 | Lair:6   | Found a large runed translucent door.
 16336 | Lair:6   | Found a large runed translucent door.
 16823 | Lair:6   | Lost mutation: You are partially covered in iridescent
                  | scales. (AC +2) [potion of mutation]
 16823 | Lair:6   | Lost mutation: You are agile. (Dex +2) [potion of mutation]
 16823 | Lair:6   | Gained mutation: You are frail. (-10% HP) [potion of
                  | mutation]
 16823 | Lair:6   | Gained mutation: Your spells are a little harder to cast,
                  | but a little more powerful. [potion of mutation]
 16823 | Lair:6   | Gained mutation: You expend magic power (3 MP) to
                  | strengthen your wands. [potion of mutation]
 16824 | Lair:6   | Lost mutation: You expend magic power (3 MP) to strengthen
                  | your wands. [potion of mutation]
 16824 | Lair:6   | Lost mutation: Your spells are a little harder to cast, but
                  | a little more powerful. [potion of mutation]
 16824 | Lair:6   | Lost mutation: You are frail. (-10% HP) [potion of
                  | mutation]
 16824 | Lair:6   | Gained mutation: Your muscles are strong. (Str +2) [potion
                  | of mutation]
 16825 | Lair:6   | Lost mutation: Your muscles are strong. (Str +2) [potion of
                  | mutation]
 16825 | Lair:6   | Gained mutation: You have hidden genetic defects. [potion
                  | of mutation]
 16825 | Lair:6   | Gained mutation: You have a pair of small horns on your
                  | head. [potion of mutation]
 16825 | Lair:6   | Gained mutation: Your muscles are strong. (Str +2) [potion
                  | of mutation]
 16826 | Lair:6   | Lost mutation: You have a pair of small horns on your head.
                  | [potion of mutation]
 16826 | Lair:6   | Lost mutation: Your muscles are strong. (Str +2) [potion of
                  | mutation]
 16826 | Lair:6   | Gained mutation: You have an increased reservoir of magic.
                  | (+10% MP) [potion of mutation]
 16826 | Lair:6   | Lost mutation: You have hidden genetic defects. [potion of
                  | mutation]
 16832 | Lair:6   | Lost mutation: You have an increased reservoir of magic.
                  | (+10% MP) [potion of mutation]
 16832 | Lair:6   | Gained mutation: You are clumsy. (Dex -2) [potion of
                  | mutation]
 16832 | Lair:6   | Gained mutation: Your system is resistant to poisons.
                  | (rPois) [potion of mutation]
 16833 | Lair:6   | Lost mutation: Your system is resistant to poisons. (rPois)
                  | [potion of mutation]
 16833 | Lair:6   | Lost mutation: You are clumsy. (Dex -2) [potion of
                  | mutation]
 16833 | Lair:6   | Gained mutation: You have supernaturally acute eyesight.
                  | (SInv) [potion of mutation]
 16833 | Lair:6   | Gained mutation: You are frail. (-10% HP) [potion of
                  | mutation]
 16833 | Lair:6   | Gained mutation: Armour fits poorly on your strangely
                  | shaped body. [potion of mutation]
 16934 | Spider:1 | Entered Level 1 of the Spider Nest
 17058 | Spider:1 | Noticed a ghost moth
 17092 | Spider:1 | Killed a ghost moth
 17212 | Spider:1 | Reached XP level 15. HP: 51/71 MP: 20/22
 17574 | Spider:1 | Received a gift from Okawaru
 18317 | Spider:2 | Noticed Roxanne
 18342 | Spider:2 | Reached skill level 10 in Armour
 18898 | Spider:2 | You fall into a shaft and drop 1 floor!
 18916 | Spider:2 | Reached skill level 10 in Invocations
 19248 | Spider:2 | HP: 3/72 [spark wasp (7)]
 19249 | Spider:2 | HP: 1/108 [poisoned by a redback]
 19250 | Spider:2 | Demolished by a spark wasp

Illustrated notes

Levels and vault maps discovered:
D:1:      tarquinn_simple_flora_water_c, layout_basic
D:2:      layout_basic, basic_altar, minmay_misc_feat_four_crosses,
          kennysheep_generic_room_15
D:3:      layout_basic, uniq_terence
D:4:      layout_basic
D:5:      layout_loops_ring, nicolae_yredelemnul_corpse_copse, uniq_duvessa
D:6:      layout_loops_ring, lemuel_zombie_altar_kikubaaqudgha,
          minmay_temple_entry_ruins, chequers_serial_rivers_micro_d,
          uniq_grinder
D:7:      layout_basic, minmay_misc_feat_enclosed, nrook_loot_triangle,
          nicolae_shop_self_help
D:8:      layout_gridville
D:9:      layout_grid_maze, mainiacjoe_overflow_catwalk_spiral,
          minmay_lair_entry_grove, david_orc_5, minivault_27
D:10:     layout_roguey, uniq_harold
Temple:   dpeg_five_rooms_temple
Lair:1:   layout_chaotic_city, infiniplex_staircase_pool,
          minmay_lair_oklob_chamber
Lair:2:   layout_long_grid, elwin_shoals_entry_rocks,
          nicolae_spider_entry_non_spiders, gauntlet_entry_generic, st_stairs_10
Lair:3:   layout_chaotic_city
Lair:4:   layout_cave_pods
Lair:5:   layout_cave_pods, minmay_slime_entry_oklob_enclosed, minmay_holes,
          grunt_megastairs_3
Lair:6:   cheibrodos_lair_end_hotspot, layout_cave_pods
Spider:1: layout_spider_delve, nicolae_spider_not_touching_you
Spider:2: layout_spider_delve, uniq_roxanne
Spider:3: nicolae_spider_hilbert_zone_5 [nicolae_spider_hilbert_3_sides_1_open,
          nicolae_spider_hilbert_4_sides_1_open,
          nicolae_spider_hilbert_4_sides_1_open,
          nicolae_spider_hilbert_6_sides_1_open,
          nicolae_spider_hilbert_6_sides_1_open], special_room
          [special_room_bee]

Skill      XL: |  1  2  3  4  5  6  7  8  9 10 11 12 13 14 15 |
---------------+----------------------------------------------+-----
Stealth        | 5 6 8 9 |  9.1
Throwing       | 2 3 4 6 8 9 10 11 | 11.5
Fighting       | 2 3 4 5 6 7 9 |  9.8
Short Blades   | 2 3 4 5 7 8 9 10 | 10.0
Dodging        | 1 2 3 4 |  4.9
Armour         | 1 2 3 4 5 7 8 9 10 | 10.2
Shields        | 1 2 3 4 5 6 7 |  7.7
Invocations    | 2 5 7 8 10 | 10.0
Evocations     | 1 |  1.9

Action                   |  1- 3 |  4- 6 |  7- 9 | 10-12 | 13-15 || total
-------------------------+-------+-------+-------+-------+-------++-------
Melee: Dagger            |    20 |       |    51 |   681 |   244 ||   996
       Bite              |    16 |    58 |   192 |   315 |   638 ||  1219
       Short sword       |    48 |   153 |   432 |       |       ||   633
       Punch             |       |       |     1 |     7 |    20 ||    28
       Quick blade       |       |       |       |       |  1058 ||  1058
Throw: Dart              |    55 |    61 |   111 |   107 |     6 ||   340
       Throwing net      |       |       |       |     1 |       ||     1
       Javelin           |       |       |       |    47 |   170 ||   217
       Boomerang         |       |       |       |     6 |     1 ||     7
Invok: Heroism           |       |       |     1 |    18 |    19 ||    38
       Finesse           |       |       |       |       |     2 ||     2
 Abil: Evoke Blink       |       |       |       |     1 |       ||     1
Evoke: Wand              |       |       |     2 |     8 |     1 ||    11
       Lightning rod     |       |       |       |     4 |       ||     4
  Use: Potion            |       |     1 |       |     4 |    11 ||    16
       Scroll            |       |       |     7 |     3 |     9 ||    19
 Stab: Sleeping          |     2 |       |       |       |       ||     2
       Invisible         |       |     1 |     2 |     2 |       ||     5
       Held in net/web   |       |       |       |     1 |       ||     1
       Confused          |       |       |       |       |    14 ||    14
       Petrifying        |       |       |       |       |     1 ||     1
       Paralysed         |       |       |       |       |     1 ||     1
       Distracted        |       |       |       |       |     1 ||     1
Armor: Robe              |     8 |       |       |       |       ||     8
       Ring mail         |    16 |       |       |       |       ||    16
       Chain mail        |       |    66 |   203 |   266 |   379 ||   914
Dodge: Dodged            |    28 |    28 |    88 |   243 |   488 ||   875
Block: Other             |       |    14 |    75 |   135 |   178 ||   402
       Reflection        |       |     1 |     2 |     2 |     1 ||     6

Table legend: (Time is in decaauts)
 A = Elapsed time spent in this place.
 B = Non-inter-level travel time spent in this place.
 C = Inter-level travel time spent in this place.
 D = Time resting spent in this place.
 E = Time spent auto-exploring this place.
 F = Levels seen in this place.
 G = Mean time per level.
                   A        B        C        D        E       F      G
               +--------+--------+--------+--------+--------+-----+--------+
         Total |  17786 |  17104 |    682 |    238 |  12253 |  21 |  847.0 |
       Dungeon |   7987 |   7795 |    192 |     61 |   5717 |  10 |  798.7 |
        Temple |    206 |    137 |     69 |      0 |    110 |   1 |  206.0 |
          Lair |   6983 |   6615 |    368 |     22 |   5047 |   6 | 1163.8 |
   Spider Nest |   1968 |   1916 |     52 |    130 |   1188 |   3 |  656.0 |
      Gauntlet |    641 |    641 |      0 |     25 |    190 |   1 |  641.0 |
               +--------+--------+--------+--------+--------+-----+--------+

Top non-repeatable levels by time:
  Lair:6: 1551 daAuts
     D:9: 1492 daAuts
  Lair:5: 1406 daAuts
  Lair:4: 1218 daAuts
Spider:1: 1168 daAuts
     D:1: 1154 daAuts
  Lair:2: 992 daAuts
  Lair:3: 973 daAuts
     D:3: 956 daAuts
     D:6: 848 daAuts
  Lair:1: 839 daAuts
     D:4: 832 daAuts
     D:5: 809 daAuts
Spider:2: 716 daAuts
     D:2: 695 daAuts
